[Event "Mitropa Cup Open 2022"]
[Site "Corte"]
[Date "2022.05.06"]
[Round "7.8"]
[White "Haring, Filip"]
[Black "Deuer, Marius"]
[Result "1/2-1/2"]
[ECO "B10"]
[WhiteElo "2434"]
[BlackElo "2359"]
[Annotator "TA"]
[PlyCount "75"]
[EventDate "2022.04.30"]
[EventType "team-tourn"]
[EventCountry "FRA"]
[SourceTitle "playchess.com"]
[Source "ChessBase"]
[SourceQuality "1"]
[WhiteTeam "Slovakia"]
[BlackTeam "Germany"]
[WhiteTeamCountry "SVK"]
[BlackTeamCountry "GER"]
[TimeControl "40/5400+30:1800+30"]

1. e4 c6 2. Nf3 d5 3. d3 dxe4 4. dxe4 Qxd1+ 5. Kxd1 Nf6 6. Nbd2 {[%emt 0:01:01] B10: Caro-Kann: 2 d3 and 2 c4.} Nbd7 7. a4 {[%emt 0:02:29] [#]} a5 $146 ({Predecessor:} 7... Nc5 8. Bd3 g6 9. b4 Nxd3 10. cxd3 a5 11. bxa5 Rxa5 12. Bb2 Bg7 13. Bc3 Ra6 {0-1 (48) Pichot,A (2630)-Keymer,V (2591) Biel 2021}) 8. Ne1 Ng4 9. Nd3 Nde5 {[%emt 0:00:39] Inhibits Nc4.} 10. Nxe5 Nxe5 (10... Nxf2+ 11. Ke1 Nxh1 12. Bc4) 11. b3 e6 12. Be2 {[%emt 0:04:22] Inhibits Ng4.} Bc5 13. Bb2 (13. f4 $5 Ng6 14. g3 $11) 13... Ng6 (13... Nd7 $11) 14. e5 (14. Bxg7 $16 Rg8 15. Bb2) 14... Bxf2 $11 15. Ne4 Be3 16. Nd6+ Ke7 17. Bd3 (17. Ba3 $14 c5 18. Nc4 Rd8+ 19. Ke1) 17... Rd8 (17... f5 $11 {keeps the balance.}) 18. Bxg6 $16 {[%emt 0:04:50] White is more active.} hxg6 {[%emt 0:01:23] [#]} 19. Ke2 (19. Rf1 $1 $16 f5 20. exf6+ (20. Ke2 Bc5 $11) 20... Kxd6 21. Ke2) 19... Bc5 $1 $11 20. Ne4 Bd4 $36 {[%emt 0:01:01][%mdl 2048] Black is more active.} 21. Ba3+ {[%emt 0:00:41] [#]} Ke8 (21... c5 $1 $17 {Strongly threatening ...b6.} 22. Nxc5 (22. Bxc5+ Bxc5 23. Nxc5 b6 $17) 22... Ke8) 22. Nd6+ Rxd6 $1 23. Bxd6 Bxa1 24. Rxa1 {[%emt 0:00:05][%mdl 4096] Endgame KRB-KRB} b6 25. Rd1 {[%emt 0:02:15][%mdl 1024] White has compensation.} Ba6+ 26. Ke3 Rc8 27. c4 c5 28. Rf1 Bb7 29. g4 g5 30. Rf2 Bc6 31. Rf1 Bb7 32. Kf2 ({White should play} 32. Rf2 $11) 32... f6 (32... Be4 $15) 33. Ke3 {[%emt 0:00:06] The position is equal.} Kd7 {[%emt 0:00:53] And now ...Rh8 would win.} 34. Rd1 Ke8 {[%emt 0:00:26] Against Bf8} 35. Rf1 Kd7 {[%emt 0:00:23] ...Rh8 is the strong threat.} 36. Rd1 Ke8 {[%emt 0:00:42] Inhibits Bf8.} 37. Rf1 Kd7 38. Rd1 {[%emt 0:00:39] Weighted Error Value: White=0.18 (very precise) /Black=0.19 (very precise)} 1/2-1/2

[Event "Mitropa Cup Open 2022"]
[Site "Corte"]
[Date "2022.05.06"]
[Round "7.8"]
[White "Schreiner, Peter"]
[Black "Bouslimi, Nabil"]
[Result "1-0"]
[ECO "A61"]
[WhiteElo "2428"]
[BlackElo "2065"]
[Annotator "TA"]
[PlyCount "67"]
[EventDate "2022.04.30"]
[EventType "team-tourn"]
[EventCountry "FRA"]
[SourceTitle "playchess.com"]
[Source "ChessBase"]
[SourceQuality "1"]
[WhiteTeam "Austria"]
[BlackTeam "France"]
[WhiteTeamCountry "AUT"]
[BlackTeamCountry "FRA"]
[TimeControl "40/5400+30:1800+30"]

1. d4 Nf6 2. Nf3 c5 3. d5 e6 4. c4 exd5 5. cxd5 d6 6. Nc3 g6 7. Bg5 Bg7 8. Nd2 O-O 9. e4 a6 10. a4 Nbd7 11. Be2 Qc7 12. O-O Re8 13. Qc2 {[%emt 0:06:15] was the old line (13.h3). A71: Modern Benoni: 6 e4 g6 7 Nf3 Bg7 8 Bg5 without Be2.} b6 14. f4 Rb8 15. Kh1 {[%emt 0:02:57] White is better.} h6 16. Bh4 Nh7 (16... c4 $142) 17. Bg3 {[%emt 0:09:35] [#] White is more active.} g5 $146 (17... c4 $16) ({Predecessor:} 17... c4 18. Bxc4 b5 19. axb5 axb5 20. Bd3 b4 21. Na4 Qxc2 22. Bxc2 Ba6 23. Rfe1 Bb5 {0-1 (33) Kempinski,R (2610)-Yilmaz,M (2530) Plovdiv 2012}) 18. Nc4 gxf4 19. Bxf4 Ne5 20. Qd2 Nxc4 21. Bxc4 Ng5 22. Rae1 {[%emt 0:05:08] [#] aiming for e5.} ({Don't play} 22. Bxg5 $6 hxg5 23. Qxg5 Re5 $16) 22... Qd8 23. Qd3 f5 $2 (23... Kh8 24. Qg3 (24. Bxa6 Bxa6 25. Qxa6 Bxc3 $16) 24... Re5) 24. exf5 $18 {[%emt 0:08:40] Hoping for Rxe8+.} Rf8 25. g4 h5 (25... Bd4 $142 26. Bxa6 Bxa6 27. Qxa6 Ra8) 26. Qg3 hxg4 27. Bxd6 Bxf5 28. Be7 Qd7 29. Bxg5 {[%emt 0:04:43] Threatens to win with d6+.} b5 30. axb5 axb5 {[%emt 0:00:34] [#]} 31. Re7 $1 bxc4 32. Rxd7 Be4+ 33. Nxe4 Rxf1+ 34. Kg2 {[%emt 0:00:09] Black got outplayed after the opening.  Weighted Error Value: White=0.25 (precise) /Black=0.87} 1-0

[Event "Mitropa Cup Open 2022"]
[Site "Corte"]
[Date "2022.05.07"]
[Round "8.1"]
[White "Moroni, Luca Jr"]
[Black "Massoni, Michael"]
[Result "1-0"]
[ECO "D72"]
[WhiteElo "2581"]
[BlackElo "2339"]
[Annotator "TA"]
[PlyCount "163"]
[EventDate "2022.04.30"]
[EventType "team-tourn"]
[EventCountry "FRA"]
[SourceTitle "playchess.com"]
[Source "ChessBase"]
[SourceQuality "1"]
[WhiteTeam "Italy"]
[BlackTeam "France"]
[WhiteTeamCountry "ITA"]
[BlackTeamCountry "FRA"]
[TimeControl "40/5400+30:1800+30"]

1. d4 Nf6 2. c4 g6 3. g3 Bg7 4. Bg2 d5 5. cxd5 Nxd5 6. e4 Nb6 7. Ne2 c5 8. d5 O-O 9. O-O e6 10. Nec3 exd5 {[%emt 0:01:21] D72: Fianchetto Grünfeld: 5 cxd5 Nxd5 6 e4 Nb6 (without Nf3).} 11. exd5 N8d7 12. Ne4 Nf6 {[%emt 0:11:03] White is slightly better.} 13. Nbc3 {[%emt 0:06:29] [#]} Bf5 $146 ({Predecessor:} 13... Nxe4 14. Nxe4 Nd7 15. Bg5 Qb6 16. Rb1 Nf6 17. d6 Nxe4 18. Bxe4 Be6 19. b3 f6 {1-0 (47) Langrock,H (2367)-Walter,F (2236) Germany 2018}) 14. Nxc5 Qc8 15. Be3 Bh3 $1 16. Qf3 (16. Qb3 $14) 16... Rd8 (16... Bxg2 $11 17. Kxg2 Ng4) 17. Rfd1 $14 Nc4 18. Bg5 Bg4 $11 19. Qf4 {[%emt 0:00:25][%cal Od1d4] Threatens to win with Rd4!} Bxd1 20. Bxf6 (20. Qxc4 $5 Bg4 21. d6 $11) 20... Bxf6 (20... Nxb2 $2 21. Bxg7 Kxg7 22. Qd4+ Kh6 23. Nxd1 Nxd1 24. Rxd1 $18) 21. Qxf6 (21. Qxc4 $15 b6 22. d6 Qxc5 23. Qxc5 bxc5 24. Bxa8) 21... Qxc5 $19 22. Rxd1 Qb6 (22... Nxb2 $142 23. Rb1 Nc4 24. Rxb7 Nd6) 23. Qf4 {[%emt 0:05:41] [#]} (23. Qe7 $17) 23... Nd6 ({And not} 23... Nxb2 24. Rb1 $11) (23... Qxb2 $1 $19 24. Qxc4 Rac8) 24. Rd2 Re8 25. h4 h5 26. Bf3 Re1+ 27. Kg2 Rae8 28. Ne2 Qa6 29. Rc2 {[%emt 0:01:45] Inhibits Nc4.} Nf5 30. Qd2 Ra1 31. a3 Qd6 ({Black should play} 31... Qf6 $17 32. Qf4 a6) 32. Rc4 (32. Nd4 $1 $15) 32... Kh7 (32... Qd7 $17) 33. Qc3 (33. Ra4 $11) 33... Rb1 (33... Qa6 $15 34. Nf4 Nd6) 34. Qc2 {[%emt 0:01:47] Really sharp!} Re1 35. Qd2 {[%emt 0:00:05] [#] Against Re3} (35. Rf4 $11) 35... Ra1 (35... Qa6 $1 $15 36. Qxe1 (36. b3 Ra1) 36... Qxc4) 36. Rf4 Qe5 37. Re4 Qb8 38. Nc3 Nd6 (38... Rc8 $11 {might be stronger.}) 39. Rf4 (39. Qf4 $1 $14 Rf8 40. Re5) 39... Qc7 40. Qd4 (40. Bxh5 $5 Ree1 41. Bd1 $11) 40... f5 41. Qxa7 Qe7 {[%emt 0:05:04] aiming for ...Qe1.} 42. Qb6 Rc1 (42... Qe1 $11 43. Kh3 Qe5) 43. Ne2 $1 $14 Rc2 44. Rb4 Rd2 45. Nf4 (45. Rd4 $5 Rc2 46. Nf4 $14) 45... Rc8 ({Black should try} 45... Qe3 $14 46. Qxe3 Rxe3) 46. Rd4 $1 $16 Rcc2 (46... Qe3 $2 47. Ne2 $1 Rxe2 48. Bxe2 Qxe2 49. Qxd6 $18) (46... Rdc2 $16) 47. Rxd2 $18 Rxd2 48. Ne6 Ne4 49. Bxe4 fxe4 {[%emt 0:00:05][%mdl 4096] Endgame KQR-KQN} 50. Qe3 $2 ({Only move:} 50. Qb3 $18 {Ng5+ is the strong threat.} Rd3 51. Qc4) 50... Rxd5 $11 51. Qxe4 Rd7 $1 52. Qe5 Kg8 $1 53. Qb8+ Kf7 54. Ng5+ Kg7 55. Qc8 b6 56. b4 Ra7 57. Qc1 Qe5 58. Qd1 Qe7 (58... b5 $11) 59. Qd3 (59. Qd4+ $1 $16 Qf6 60. Ne6+ Kf7 61. Qxb6 $1) 59... Qf6 60. Qd5 Re7 61. a4 Qe5 62. Qc4 Rd7 63. Ne6+ Kf6 64. Nf4 Kg7 65. a5 bxa5 66. bxa5 Ra7 67. Qc6 Qf6 68. Ne6+ Kh6 69. Qc1+ Kh7 70. Qc5 Ra6 (70... Re7 $11 {remains equal.} 71. Nf4 Rf7) 71. Ng5+ Kh6 72. Qb4 (72. Ne4 $16 Qd8 73. Qe3+ Kg7 74. Qc3+ Kh6 75. Ng5) 72... Qc6+ (72... Ra7 $11) 73. Kg1 {[%emt 0:00:09][%cal Rb4f8] White is more active.} Qf6 {[%emt 0:00:34] [#] Against Qf8+} 74. Qb7 {[%emt 0:00:09] Against Ra7} (74. Qa3 $1 $16) 74... Ra7 $1 75. Qb4 Kg7 76. Qc5 Qa1+ 77. Kh2 Qxa5 78. Qd4+ Kg8 79. Qf6 {[%emt 0:00:27] Strongly threatening Ne6.} Rg7 $2 ({Resist} 79... Qf5 80. Qd8+ Qf8 81. Qb6 $16) (79... Qa6 $11 80. Ne6 Kh7) 80. Qe6+ (80. Ne6 $142 Qa7 81. Nxg7 Qxg7 82. Qxg7+ Kxg7 83. g4 Kh8 84. Kg3 hxg4 85. Kxg4) 80... Kf8 $18 81. Qf6+ (81. Qc8+ $142 Ke7 82. Qb7+ Kf6 83. Ne4+ Kf5 84. Qxg7 Kxe4 85. Qxg6+ Kd4 86. g4 Qc7+ 87. Kh3) 81... Kg8 82. Ne6 {[%emt 0:01:33] What a fight!  Weighted Error Value: White=0.27 (precise) /Black=0.29 (precise)} 1-0

[Event "Mitropa Cup Open 2022"]
[Site "Corte"]
[Date "2022.05.07"]
[Round "8.1"]
[White "Baenziger, Fabian"]
[Black "Koellner, Ruben Gideon"]
[Result "1/2-1/2"]
[ECO "D37"]
[WhiteElo "2430"]
[BlackElo "2440"]
[Annotator "TA"]
[PlyCount "80"]
[EventDate "2022.04.30"]
[EventType "team-tourn"]
[EventCountry "FRA"]
[SourceTitle "playchess.com"]
[Source "ChessBase"]
[SourceQuality "1"]
[WhiteTeam "Switzerland"]
[BlackTeam "Germany"]
[WhiteTeamCountry "SUI"]
[BlackTeamCountry "GER"]
[TimeControl "40/5400+30:1800+30"]

1. d4 d5 2. c4 e6 3. Nf3 Nf6 4. Nc3 Be7 5. Bg5 h6 6. Bh4 Ne4 7. Bxe7 Qxe7 8. Rc1 c6 9. e3 Nd7 10. Bd3 Nxc3 11. Rxc3 O-O 12. O-O dxc4 13. Rxc4 e5 14. dxe5 Nxe5 15. Re4 {[%emt 0:00:07] The position is equal.} Nxf3+ {[%emt 0:00:09] D56: Queen's Gambit Declined: Lasker Defence.} 16. Qxf3 Be6 17. Bc4 Rad8 18. Bxe6 fxe6 19. Qg4 Rf6 20. Rd4 {[%emt 0:10:42] Prevents Rd2.} Rd5 21. Rfd1 {[%emt 0:01:15] [#]} Qc5 $146 ({Predecessor:} 21... Rf8 22. e4 Qf6 23. R4d2 Rd4 24. f3 c5 25. Rxd4 cxd4 26. e5 Qxe5 27. Qxd4 Qxd4+ 28. Rxd4 {0-1 (60) Gomez Esteban,J (2490)-Korneev,O (2565) Elgoibar 1997}) 22. Rxd5 cxd5 $11 {[%emt 0:00:44][%mdl 4096] Endgame KQR-KQR} 23. Qe2 {[%emt 0:00:28] Prevents Qc2.} Rf7 24. g3 Rc7 25. Qg4 Rc6 26. e4 Qb4 27. b3 a5 28. h3 Qxe4 29. Qxe4 dxe4 {[%emt 0:00:07] KR-KR} 30. Re1 Rc2 31. a4 Rc3 32. Rxe4 Rxb3 {[%emt 0:00:13] [#] aiming for ...Rb4.} 33. Re5 b6 {[%emt 0:01:25] And now ...Kf7 would win.} 34. Rxe6 Kf7 35. Rc6 h5 36. h4 Rb4 37. Kg2 Ke7 38. Rg6 Kf7 39. Rc6 Ke7 40. Rg6 Kf7 {[%emt 0:00:40] An even fight not without its subleties.  Weighted Error Value: White=0.00 (flawless) /Black=0.00 (flawless)} 1/2-1/2

[Event "Mitropa Cup Open 2022"]
[Site "Corte"]
[Date "2022.05.07"]
[Round "8.2"]
[White "Krastev, Alexander"]
[Black "Pelletier, Yannick"]
[Result "1/2-1/2"]
[ECO "C02"]
[WhiteElo "2412"]
[BlackElo "2556"]
[Annotator "TA"]
[PlyCount "221"]
[EventDate "2022.04.30"]
[EventType "team-tourn"]
[EventCountry "FRA"]
[SourceTitle "playchess.com"]
[Source "ChessBase"]
[SourceQuality "1"]
[WhiteTeam "Germany"]
[BlackTeam "Switzerland"]
[WhiteTeamCountry "GER"]
[BlackTeamCountry "SUI"]
[TimeControl "40/5400+30:1800+30"]

1. e4 e6 2. d4 d5 3. e5 c5 4. c3 Nc6 5. Nf3 Bd7 6. Be2 Nge7 7. Na3 cxd4 8. cxd4 Nf5 9. Nc2 Qb6 10. O-O Na5 11. g4 Ne7 12. Nfe1 Bb5 13. Nd3 Nac6 14. a4 Bc4 15. Be3 h5 16. h3 hxg4 17. hxg4 g5 18. b3 Bxb3 19. Nc5 Bxc2 20. Qxc2 Qc7 21. Rfc1 Na5 22. Rab1 Rc8 23. Nxb7 Qxc2 24. Bb5+ Nec6 25. Rxc2 Nc4 26. Rxc4 dxc4 27. Na5 Kd7 28. Rc1 a6 29. Bxc6+ Rxc6 30. Nxc6 Kxc6 31. Rxc4+ Kd7 32. Bxg5 Rg8 33. f4 Be7 34. Bxe7 Rxg4+ 35. Kf2 Kxe7 36. Kf3 Rg1 37. Rc7+ Ke8 38. Ra7 Rd1 39. Ke3 Re1+ 40. Kd3 Rf1 41. Rxa6 Rxf4 42. Rd6 Ke7 43. a5 Rf3+ 44. Kc4 Ra3 45. Kb5 f5 46. Rc6 f4 47. Rc7+ Ke8 48. a6 $2 (48. Rc2 $18) 48... f3 $11 49. Rc2 Kd7 50. Rh2 Ke7 $2 {[%emt 0:00:42][%mdl 8192] [#]} (50... Kc7 $11) 51. Kb6 $2 (51. Rb2 $1 $18 {Strongly threatening Kb6.} Kf7 52. Rf2) 51... Rb3+ $1 $11 52. Kc6 Rc3+ 53. Kb7 Rb3+ 54. Kc7 Rc3+ 55. Kb8 Rb3+ 56. Kc8 Rc3+ 57. Kb7 Rb3+ 58. Kc6 $2 (58. Ka7 $11) 58... Rc3+ $18 59. Kb5 Ra3 {[%emt 0:00:04] [#]} 60. a7 $2 (60. Rb2 $1 $18) 60... f2 $1 $11 61. Rxf2 Rxa7 62. Rh2 Ra1 63. Rh7+ Ke8 64. Rb7 Rc1 65. Ra7 Rc2 66. Ra4 Kd7 67. Ra7+ Ke8 68. Ra6 Kd7 69. Rd6+ Ke7 70. Kb6 Rc4 71. Kb5 Rc1 72. Rc6 Rb1+ 73. Kc5 Rc1+ 74. Kb6 (74. Kb5 $5 Rd1 75. Rc4 $14) 74... Rb1+ 75. Kc7 Rb4 76. Rd6 Rc4+ 77. Kb7 Rb4+ 78. Kc6 Rc4+ 79. Kb5 Rc1 80. Ka5 Rc4 81. Kb6 Rc1 82. Rc6 Rb1+ 83. Ka5 Ra1+ 84. Kb5 Rb1+ 85. Ka4 Kd7 86. Rc4 Rb2 87. Rb4 Ra2+ 88. Kb3 Ra1 89. Ra4 Rc1 90. Rc4 Ra1 91. Rc3 Rd1 92. Rc4 Ra1 93. Kb4 Rb1+ 94. Kc5 Rb2 95. Rc1 Rb8 96. Rc3 Rb1 97. Kc4 Rd1 98. Ra3 Rc1+ 99. Kd3 Rh1 100. Ra7+ Ke8 101. Ke3 Rh3+ 102. Kf4 Rh4+ 103. Kg5 Rxd4 104. Kf6 Rb4 105. Ra6 Rh4 $1 106. Rxe6+ Kf8 107. Rd6 Ke8 (107... Rh6+ 108. Kf5 Rh1 109. Ra6) 108. Ke6 Rh1 (108... Rh6+ 109. Kd5 Rh7 110. Re6+ Kf8 111. Rf6+ Ke8 112. Ra6) 109. Kf6 Rh6+ 110. Kf5 Rxd6 111. exd6 1/2-1/2

[Event "Mitropa Cup Open 2022"]
[Site "Corte"]
[Date "2022.05.07"]
[Round "8.2"]
[White "Humeau, Cyril"]
[Black "Sonis, Francesco"]
[Result "0-1"]
[ECO "B22"]
[WhiteElo "2290"]
[BlackElo "2547"]
[Annotator "TA"]
[PlyCount "64"]
[EventDate "2022.04.30"]
[EventType "team-tourn"]
[EventCountry "FRA"]
[SourceTitle "playchess.com"]
[Source "ChessBase"]
[SourceQuality "1"]
[WhiteTeam "France"]
[BlackTeam "Italy"]
[WhiteTeamCountry "FRA"]
[BlackTeamCountry "ITA"]
[TimeControl "40/5400+30:1800+30"]

1. e4 c5 2. c3 Nf6 3. e5 Nd5 4. Bc4 Nb6 5. Bb3 d5 6. exd6 {[%emt 0:00:07] B22: Sicilian: 2 c3.} Qxd6 7. Nf3 $1 c4 8. Bc2 {[%emt 0:00:17] White has an edge.} Bg4 9. O-O {[%emt 0:00:09] [#]} Qd5 $146 ({Predecessor:} 9... Nc6 10. Re1 Ne5 11. Rxe5 Bxf3 12. Qe1 Bd5 13. b3 f6 14. Re3 Qc6 15. Be4 e5 {½-½ (30) Eriksson,C (2121)-Neuman,P (2371) Prague 2020}) 10. d4 Bxf3 (10... cxd3 $5 11. Qxd3 Bxf3 12. Qxf3 Qxf3 13. gxf3 e6 $11) 11. Qxf3 Qxf3 12. gxf3 Nc6 13. Re1 g6 {[%emt 0:02:47] [#]} (13... e6 $11) 14. Na3 (14. a4 $1 $16) 14... Bg7 (14... e6 $11) 15. b3 (15. Be4 $14) 15... cxb3 $11 16. axb3 Nd5 17. Bd2 O-O 18. Be4 Rad8 19. Nc4 f5 20. Bxd5+ Rxd5 21. f4 b6 22. Kf1 Rc8 23. Ke2 Rb5 (23... b5 $11 24. Ne3 Rd7) 24. Ra3 Rc7 25. Rea1 (25. Ne5 $14 Ra5 26. Rxa5 Nxa5 27. Rb1) 25... e6 26. Nd6 Rd5 27. Ne8 Rcd7 {[%emt 0:01:13] [#] And now ...Bh8 would win.} 28. Ra6 $2 (28. Nxg7 $11 {and White stays safe.} Kxg7 29. Ra6) 28... Bh8 $19 29. Be3 $2 (29. R6a4 {keeps fighting.} Kf7 30. Rc4 Nxd4+ 31. cxd4 Bxd4 32. Nc7 Bxa1 33. Nxd5 exd5 34. Rc6) 29... Kf7 30. c4 Rxd4 31. Bxd4 Bxd4 (31... Nxd4+ $2 32. Kf1 Nc6 33. Re1 $19) 32. R1a4 Bc5 {[%emt 0:00:50] Weighted Error Value: White=0.38/Black=0.20 (precise)} ({Don't blunder} 32... Kxe8 $2 33. b4 $19) 0-1

[Event "Mitropa Cup Open 2022"]
[Site "Corte"]
[Date "2022.05.07"]
[Round "8.3"]
[White "Lodici, Lorenzo"]
[Black "Roux, Baptiste"]
[Result "1-0"]
[ECO "B40"]
[WhiteElo "2549"]
[BlackElo "2072"]
[Annotator "TA"]
[PlyCount "121"]
[EventDate "2022.04.30"]
[EventType "team-tourn"]
[EventCountry "FRA"]
[SourceTitle "playchess.com"]
[Source "ChessBase"]
[SourceQuality "1"]
[WhiteTeam "Italy"]
[BlackTeam "France"]
[WhiteTeamCountry "ITA"]
[BlackTeamCountry "FRA"]
[TimeControl "40/5400+30:1800+30"]

1. e4 c5 2. Nf3 e6 3. g3 Nc6 4. Bg2 d5 5. exd5 exd5 6. O-O {[%emt 0:04:12] B40: Sicilian: 2...e6, Unusual lines.} Bg4 7. h3 Bh5 8. d4 {[%emt 0:06:33] White is slightly better.} cxd4 9. Nbd2 Bc5 10. Nb3 Bb6 11. g4 (11. a4 $5 ) 11... Bg6 12. Nfxd4 Nge7 {[%emt 0:03:13] [#]} 13. Bf4 $146 ({Predecessor:} 13. Be3 h5 14. a4 hxg4 15. Qxg4 O-O 16. Rad1 Qc8 17. f4 Nf5 18. Bf2 Nfxd4 19. Nxd4 Bxd4 20. Bxd4 Qxg4 21. hxg4 Bxc2 {0-1 (81) Kobalia,M (2614)-Jumabayev,R (2654) Chess.com INT 2020}) 13... O-O 14. c3 Qd7 15. Re1 Rfe8 16. a4 Nxd4 $1 17. Nxd4 Nc6 18. Nxc6 bxc6 19. a5 Rxe1+ 20. Qxe1 Re8 21. Qd2 Bc7 22. b4 h5 23. Rd1 hxg4 24. hxg4 Bc2 25. Rc1 Bxf4 26. Qxf4 Bd3 27. Bf3 Re7 28. Kg2 Qe6 29. Kg3 Qe5 30. g5 f6 31. Qxe5 fxe5 $11 {[%emt 0:04:59][%mdl 4096] Endgame KRB-KRB} 32. Rd1 Bc4 33. Bh5 Re6 34. Bg4 Re7 35. g6 a6 36. Bf5 Bb5 37. Kf3 Kf8 38. Rh1 Re8 (38... Rc7 $1 $11 {remains equal.}) 39. Re1 ({Better is} 39. Rh7 $1 $16) 39... Re7 40. Rh1 (40. Kg4 $14) 40... Re8 $16 41. Rh7 $1 Kg8 42. Ke3 {[%emt 0:00:00] Inhibits d4+.} Kf8 43. f3 Kg8 44. Rh5 {[%emt 0:00:00] White is more active.} Re7 45. Bb1 Bc4 (45... Re6 $142) 46. Bd3 ({White should play} 46. Rf5) 46... Bb5 47. Rf5 d4+ $2 (47... Re6 $16) 48. Kd2 dxc3+ (48... Bxd3 49. Kxd3 dxc3 50. Kxc3 Re6) 49. Kxc3 $18 {[%emt 0:00:00] Hoping for Bb1.} Re6 50. Bc4 $2 (50. Rf7 $1 $18 {is the precise move to win.}) 50... Bxc4 $16 51. Kxc4 {[%emt 0:00:00] Kc5 is the strong threat.} Rxg6 52. Rxe5 {[%emt 0:00:00] And now Re7 would win. KR-KR} Rf6 (52... Kf7 {was worth a try.} 53. Kc5 Rf6) 53. Re8+ (53. Re7 $1 $18 ) 53... Kf7 {[%emt 0:00:38] [#]} 54. Ra8 Ke6 (54... Rf4+ $2 55. Kc5 Rxf3 56. Rxa6 Rc3+ 57. Kd6) 55. Rxa6 Kd6 (55... Kd7 $16 56. Ra7+ Kd6 57. Rxg7 Rf4+ 58. Kb3 Rxf3+ 59. Ka4 Rf1) 56. b5 $18 {[%emt 0:01:35][%cal Bb4b5,Bb5b6,Bb6b7][%mdl 32] White is clearly winning.} Rf4+ 57. Kd3 Kc5 {[%emt 0:00:29] [#]} 58. b6 {[%emt 0:00:26] Threatens to win with b7.} Rxf3+ 59. Ke4 Rf8 60. b7 {[%emt 0:01:57] White threatens Ra8 and mate.} Rb8 61. Rb6 {Weighted Error Value: White=0.18 (very precise) /Black=0.17 (very precise)} 1-0

[Event "Mitropa Cup Open 2022"]
[Site "Corte"]
[Date "2022.05.07"]
[Round "8.3"]
[White "Gaehwiler, Gabriel"]
[Black "Koelle, Tobias"]
[Result "1/2-1/2"]
[ECO "A40"]
[WhiteElo "2418"]
[BlackElo "2431"]
[Annotator "TA"]
[PlyCount "116"]
[EventDate "2022.04.30"]
[EventType "team-tourn"]
[EventCountry "FRA"]
[SourceTitle "playchess.com"]
[Source "ChessBase"]
[SourceQuality "1"]
[WhiteTeam "Switzerland"]
[BlackTeam "Germany"]
[WhiteTeamCountry "SUI"]
[BlackTeamCountry "GER"]
[TimeControl "40/5400+30:1800+30"]

1. d4 Nf6 2. c4 e6 3. g3 Bb4+ 4. Bd2 Be7 5. Bg2 d5 6. Nf3 c6 7. b3 O-O 8. O-O Nbd7 {[%emt 0:00:06] E11: Bogo-Indian.} 9. a4 {[%emt 0:07:43] [#]} b6 $146 ({Predecessor:} 9... a5 10. Nc3 b6 11. cxd5 cxd5 12. Nb5 Bb7 13. Bf4 Nh5 14. Bc7 Qc8 15. Rc1 Ba6 16. Nd6 Bxd6 17. Bxd6 Qb7 18. Rc7 {1-0 (18) Matveev,V (2368)-Nilsen,T (2146) Chess.com INT 2020}) 10. cxd5 cxd5 {[%emt 0:00:42] The position is equal.} 11. b4 Ne4 12. Be1 Bd6 13. b5 a6 {[%emt 0:01:55] Black wants to play ...axb5.} 14. Nc3 f5 15. Qb3 Bb7 16. bxa6 Bxa6 ({Resist} 16... Rxa6 17. Nb5 $14) 17. Nb5 Bxb5 18. Qxb5 Ra7 19. Bb4 Qe7 20. Bxd6 Qxd6 21. Rfc1 Rc7 {[%emt 0:04:44] Inhibits Rc6.} 22. Ne5 Nxe5 23. dxe5 Qxe5 {[%emt 0:00:24] [#] Hoping for ...Nc3.} 24. Bxe4 fxe4 25. Qxb6 Rcf7 26. Rf1 d4 (26... Rxf2 $11 27. Rxf2 Qxa1+ 28. Kg2 Rxf2+ 29. Kxf2 Kf7) 27. Rab1 e3 (27... Qd5 $11) 28. f3 d3 29. Rb5 Qf6 30. Qxe3 dxe2 31. Qxe2 Qd4+ 32. Kg2 {[%emt 0:01:32] Threatens to win with a5.} Qxa4 33. Re5 Rc8 {[%emt 0:05:26] [#] Strongly threatening ...Rc2.} 34. Rf2 ({Avoid the trap} 34. Rxe6 $2 Rc2 35. Qxc2 (35. Re8+ $2 Rf8 $19) 35... Qxc2+ $19) 34... Qc4 35. Rxe6 Qxe2 36. Rfxe2 $14 {[%emt 0:00:06][%mdl 4096] Endgame KRR-KRR} h6 37. g4 Rcf8 38. R2e3 Kh7 39. h4 Rf6 40. Re7 R6f7 41. R7e6 {[%emt 0:04:47] White is more active.} Rf6 $1 42. R6e5 Rd6 43. Kg3 Rfd8 44. Re7 Rd3 45. Rxd3 Rxd3 $16 {[%emt 0:00:49] KR-KR} 46. Ra7 Rd1 47. Kg2 Rd4 48. Kg3 Rd1 $1 49. Rb7 Rc1 50. Rb6 Rc4 51. h5 Rc1 52. Rb7 Rc4 53. Rb3 Rd4 54. Re3 Ra4 55. Re4 Ra7 56. Re5 Ra4 57. Re4 Ra7 58. Kh4 (58. Re8 $142) 58... Ra1 {[%emt 0:00:33] Weighted Error Value: White=0.12 (very precise) /Black=0.06 (flawless)} ({Black should try} 58... Ra3) 1/2-1/2